 Dungeon Crawl Stone Soup version 0.16.2-12-gd0ad4c3 (webtiles) character file.

22 faibistes the Magician (level 2, 0/15 HPs)
             Began as a Deep Elf Wizard on Sept 16, 2018.
             Slain by a ball python (1 damage)
             ... on level 1 of the Dungeon.
             The game lasted 00:03:43 (1225 turns).

faibistes the Magician (Deep Elf Wizard)            Turns: 1225, Time: 00:03:43

Health: 0/15       AC:  2    Str:  4    XL:     2   Next: 68%
Magic:  3/10       EV: 13    Int: 22    God:
Gold:   13         SH:  0    Dex: 13    Spells: 3 memorised, 5 levels left

rFire  . . .     SeeInvis .     g - +0 dagger
rCold  . . .     Clarity  .     a - +0 robe
rNeg   . . .     SustAb   .     (no shield)
rPois  .         Gourm    .     b - +0 hat
rElec  .         Spirit   .     (no cloak)
rCorr  .         Warding  .     (no gloves)
rMut   .         Stasis   .     (no boots)
MR     .....                    (no amulet)
Stlth  +.........               (no ring)
                                i - ring of loudness (curse)

@: very slightly contaminated, constricted, not resistant to hostile
enchantments, very unstealthy
A: no striking features
a: no special abilities


You were on level 1 of the Dungeon.
You were not hungry.

You visited 1 branch of the dungeon, and saw 2 of its levels.

You collected 13 gold pieces.

Inventory:

Hand weapons
 e - a +0 short sword
 g - a +0 dagger (weapon)
Armour
 a - a +0 robe (worn)
 b - a +0 hat (worn)
 h - a +0 pair of gloves
Jewellery
 i - a cursed ring of loudness (left hand)
Scrolls
 j - a scroll of teleportation
Books
 c - a book of Minor Magic

   Spells                             Type                      Level
   a - Magic Dart                     Conjuration                  1
   b - Blink                          Translocation                2
   c - Call Imp                       Summoning                    2
   d - Repel Missiles                 Charms/Air                   2
   e - Slow                           Hexes                        2
   f - Conjure Flame                  Conjuration/Fire             3
   g - Mephitic Cloud                 Conjuration/Poison/Air       3
Comestibles
 d - a bread ration
 f - 2 chunks of flesh


   Skills:
 + Level 2.7 Dodging
 - Level 2.4 Stealth
 * Level 4.8 Spellcasting
 * Level 2.3 Conjurations
 - Level 1.1 Summonings
 - Level 1.1 Translocations


You had 5 spell levels left.
You knew the following spells:

 Your Spells              Type           Power        Failure   Level  Hunger
a - Magic Dart            Conj           ###.         4%          1    None
c - Call Imp              Summ           ##......     12%         2    None
d - Blink                 Tloc           N/A          12%         2    None


Dungeon Overview and Level Annotations

Branches:
Dungeon (2/15)

Altars:


Message History

Confirm with . or Enter, or press ? or * to list all spells.
A beastly little devil appears in a puff of frigid air.
Your white imp misses the jackal.
The jackal completely misses you.
Your white imp hits the jackal.
Your white imp freezes the jackal.
The jackal dies!
Your white imp gestures at the hobgoblin.
The puff of frost hits the hobgoblin.
There is a stone staircase leading up here.
The hobgoblin hits your white imp but does no damage.
Your white imp gestures at the hobgoblin.
The puff of frost hits the hobgoblin.
The hobgoblin dies!
You climb upwards.
A giant newt, a ball python and a goblin come into view.
Found a scroll labeled SAUCUA BRIHIHI.
There is a stone staircase leading down here.
The ball python completely misses you. The ball python grabs you.
You stop descending the stairs.
You die...

### #........
#.........
#.........#
#?........#
#.........#
#...l.....#
#####.........#
........@#
########S# #..
#g#. #.#.# #.#
# #.# #.# #.#


You could see a goblin, a ball python and a giant newt.

Vanquished Creatures
  An ooze (D:1)
  2 bats (D:1)
  A giant cockroach (D:1)
  2 goblins (D:1)
  A hobgoblin (D:1)
  5 jackals (D:1)
  A giant newt (D:1)
  2 kobolds (D:1)
  2 rats (D:1)
17 creatures vanquished.

Vanquished Creatures (collateral kills)
  A hobgoblin (D:2)
  A jackal (D:2)
2 creatures vanquished.

Grand Total: 19 creatures vanquished

Notes
Turn   | Place    | Note
--------------------------------------------------------------
     0 | D:1      | faibistes, the Deep Elf Wizard, began the quest for the Orb.
     0 | D:1      | Reached XP level 1. HP: 10/10 MP: 6/6
     0 | D:1      | Noticed a centaur
     0 | D:1      | Noticed a dwarf
     0 | D:1      | Noticed a formicid
     1 | D:1      | Noticed a naga
     3 | D:1      | Noticed a naga
     3 | D:1      | Noticed a ghoul
     5 | D:1      | Noticed a vampire
     8 | D:1      | Noticed a formicid
    10 | D:1      | Noticed a centaur
    12 | D:1      | Noticed an octopode
    13 | D:1      | Noticed a spriggan
    14 | D:1      | Noticed a centaur
    14 | D:1      | Noticed a dwarf
    16 | D:1      | Noticed a dwarf
    16 | D:1      | Noticed a ghoul
    16 | D:1      | Noticed a formicid
    19 | D:1      | Noticed a centaur
   414 | D:1      | Reached XP level 2. HP: 15/15 MP: 8/10
   542 | D:1      | Learned a level 2 spell: Blink
   545 | D:1      | Learned a level 2 spell: Call Imp
  1225 | D:1      | Slain by a ball python

Action                   || total
-------------------------++-------
Melee: Unarmed           ||     8
       Dagger            ||     2
 Cast: Magic Dart        ||    57
       Blink             ||     1
       Call Imp          ||     1
  Use: Scroll            ||     1
  Eat: Chunk             ||     1
